[Event "ESP-ch Seniors 2017"]
[Site "Altea"]
[Date "2017.10.12"]
[Round "6"]
[White "Celaya Tapiz, Jose Maria"]
[Black "Sarto Ramos, Angel"]
[Result "1/2-1/2"]
[ECO "C00"]
[WhiteElo "2196"]
[BlackElo "1909"]
[Annotator "NA"]
[PlyCount "40"]
[EventDate "2017.??.??"]
[EventType "swiss"]
[EventCountry "ESP"]
[SourceTitle "playchess.com"]
[Source "ChessBase"]
[SourceQuality "1"]
[TimeControl "5400+30"]

1. e4 e6 2. Nf3 d5 3. exd5 exd5 4. d4 Bd6 5. h3 Ne7 6. Bd3 Ng6 7. Qe2+ Qe7 8. Qxe7+ Kxe7 9. g3 Re8 10. Be3 Kf8 11. Nc3 c6 12. O-O-O Nd7 13. a3 Bxg3 14. Rde1 Bf4 15. Bxg6 Bxe3+ 16. fxe3 hxg6 17. e4 dxe4 18. Nxe4 Nf6 19. Neg5 Rxe1+ 20. Rxe1 Bf5 1/2-1/2

[Event "ESP-ch Seniors 2017"]
[Site "Altea"]
[Date "2017.10.12"]
[Round "6"]
[White "Cantero Navarro, Antonio"]
[Black "Roche Simon, Manuel Angel"]
[Result "1/2-1/2"]
[ECO "C09"]
[WhiteElo "2153"]
[BlackElo "2216"]
[Annotator "ChessBase"]
[PlyCount "169"]
[EventDate "2017.??.??"]
[EventType "swiss"]
[EventCountry "ESP"]
[SourceTitle "playchess.com"]
[Source "ChessBase"]
[SourceQuality "1"]
[TimeControl "5400+30"]

1. e4 e6 2. d4 d5 3. Nd2 c5 4. Ngf3 Nc6 5. exd5 exd5 6. Bb5 Bd6 7. dxc5 Bxc5 8. O-O Nge7 9. Nb3 Bb6 10. Re1 O-O 11. Be3 Bf5 12. c3 Re8 13. Qd2 Be4 14. Nfd4 Rc8 15. Rad1 Nf5 16. Nxf5 Bxf5 17. Qxd5 Qxd5 18. Rxd5 Be6 19. Rd2 Bxb3 20. axb3 Bxe3 21. fxe3 Red8 22. Rxd8+ Rxd8 23. Bxc6 bxc6 24. Ra1 Rd7 25. Ra6 Rc7 26. b4 Kf8 27. Kf2 Ke7 28. Ke2 Kd7 29. Ra5 Kc8 30. Rg5 g6 31. Rc5 a6 32. g4 f6 33. h4 Kb7 34. h5 Re7 35. g5 f5 36. Kd3 Rd7+ 37. Kc2 Re7 38. hxg6 hxg6 39. Kd3 Rd7+ 40. Ke2 Re7 41. Rc4 Rh7 42. e4 Rh5 43. exf5 gxf5 44. g6 Rg5 45. Rf4 Rxg6 46. Rxf5 Rg1 47. Kd3 Kb6 48. c4 Rg3+ 49. Kc2 Rg4 50. Kb3 Rh4 51. Rf7 a5 52. c5+ Ka6 53. bxa5 Kxa5 54. Rb7 Rh5 55. Kc4 Rh4+ 56. Kc3 Rh3+ 57. Kd4 Rh4+ 58. Ke5 Rh6 59. Rb6 Rg6 60. Kd4 Rg4+ 61. Kc3 Rg3+ 62. Kc4 Rg4+ 63. Kc3 Rg3+ 64. Kd4 Rg4+ 65. Ke5 Rg6 66. Kf5 Rh6 67. Ke5 Rg6 68. b3 Rh6 69. Kd4 Rh4+ 70. Kc3 Rh3+ 71. Kb2 Rh5 72. b4+ Ka4 73. Kc3 Rh3+ 74. Kd4 Rh6 75. Ke5 Rg6 76. b5 Rg5+ 77. Kd6 cxb5 78. Ra6+ Kb3 79. c6 b4 80. Ra8 Rg6+ 81. Kd7 Rg7+ 82. Kd6 Kc2 83. Rb8 b3 84. c7 Rxc7 85. Kd5 1/2-1/2

[Event "ESP-ch Seniors 2017"]
[Site "Altea"]
[Date "2017.10.12"]
[Round "6"]
[White "Serra Olives, Tomas"]
[Black "Anguera Maestro, Jaime"]
[Result "1-0"]
[ECO "C72"]
[WhiteElo "2146"]
[BlackElo "2029"]
[Annotator "ChessBase"]
[PlyCount "97"]
[EventDate "2017.??.??"]
[EventType "swiss"]
[EventCountry "ESP"]
[SourceTitle "playchess.com"]
[Source "ChessBase"]
[SourceQuality "1"]
[TimeControl "5400+30"]

1. e4 e5 2. Nf3 Nc6 3. Bb5 a6 4. Ba4 d6 5. O-O Bd7 6. d4 f6 7. c3 Nge7 8. a3 Ng6 9. Re1 Be7 10. Bb3 Bg4 11. Be3 Qd7 12. Nbd2 Nd8 13. h3 Be6 14. d5 Bf7 15. Nf1 Nf4 16. Ng3 g5 17. Nf5 Bg6 18. Bxf4 Bxf5 19. exf5 gxf4 20. Nh4 Kf8 21. Qh5 Qe8 22. Qh6+ Kg8 23. Bd1 Qf7 24. Kh1 Bf8 25. Qh5 Qxh5 26. Bxh5 Bh6 27. Nf3 Nf7 28. Nd2 Kf8 29. Ne4 Ke7 30. Bxf7 Kxf7 31. f3 Bf8 32. Kg1 Be7 33. b4 b6 34. c4 a5 35. Rec1 Rhd8 36. Kf1 Ra7 37. Nc3 Rc8 38. Ke2 Ke8 39. Kd3 Kd7 40. c5 dxc5 41. bxc5 Bxc5 42. Ne4 Be7 43. Rc6 Rg8 44. Rxf6 Rxg2 45. Rf7 Ke8 46. Rxh7 a4 47. f6 Bf8 48. d6 Ra5 49. dxc7 1-0

[Event "ESP-ch Seniors 2017"]
[Site "Altea"]
[Date "2017.10.12"]
[Round "6"]
[White "Dominguez Rueda, Juan"]
[Black "Simon Padros, Emili"]
[Result "0-1"]
[ECO "C18"]
[WhiteElo "2135"]
[BlackElo "2153"]
[Annotator "ChessBase"]
[PlyCount "56"]
[EventDate "2017.??.??"]
[EventType "swiss"]
[EventCountry "ESP"]
[SourceTitle "playchess.com"]
[Source "ChessBase"]
[SourceQuality "1"]
[TimeControl "5400+30"]

1. e4 e6 2. d4 d5 3. Nc3 Bb4 4. e5 c5 5. a3 Bxc3+ 6. bxc3 Qc7 7. Nf3 Ne7 8. Bd3 b6 9. O-O Ba6 10. Bxa6 Nxa6 11. Qe2 Nb8 12. a4 Nd7 13. Ba3 O-O 14. Ng5 h6 15. Nh3 Rfe8 16. g4 Rac8 17. g5 cxd4 18. cxd4 Qxc2 19. Qb5 Qf5 20. Bxe7 Qg4+ 21. Kh1 Qf3+ 22. Kg1 Rxe7 23. Qb4 Rc4 24. Qxe7 Rxd4 25. Rfe1 Rg4+ 26. Kf1 Qd3+ 27. Re2 Qxh3+ 28. Ke1 Qc3+ 0-1

[Event "ESP-ch Seniors 2017"]
[Site "Altea"]
[Date "2017.10.12"]
[Round "6"]
[White "Pastor Pons, Pedro Maria"]
[Black "Brusi Noguera, Ricardo Ll"]
[Result "1/2-1/2"]
[ECO "B04"]
[WhiteElo "2077"]
[BlackElo "2156"]
[Annotator "ChessBase"]
[PlyCount "60"]
[EventDate "2017.??.??"]
[EventType "swiss"]
[EventCountry "ESP"]
[SourceTitle "playchess.com"]
[Source "ChessBase"]
[SourceQuality "1"]
[TimeControl "5400+30"]

1. e4 Nf6 2. e5 Nd5 3. d4 d6 4. Nf3 Nb6 5. Bb5+ c6 6. Bd3 Bg4 7. h3 Bxf3 8. Qxf3 dxe5 9. dxe5 Qd5 10. Qe2 N8d7 11. f4 Nc5 12. Bf5 e6 13. Nc3 Qd8 14. Bg4 Qh4+ 15. Qf2 Qxf2+ 16. Kxf2 Be7 17. Rd1 O-O 18. Be3 Nc4 19. b4 Na6 20. a3 Rfd8 21. Be2 Nxe3 22. Kxe3 Nc7 23. Rxd8+ Rxd8 24. Rd1 Rxd1 25. Nxd1 a5 26. c3 Kf8 27. Ke4 Ke8 28. g4 Kd7 29. Bc4 Nb5 30. f5 Nc7 1/2-1/2

[Event "ESP-ch Seniors 2017"]
[Site "Altea"]
[Date "2017.10.12"]
[Round "6"]
[White "Carbonell Bofill, Carlos Eloy"]
[Black "Garcia Fernandez, Carlos"]
[Result "0-1"]
[ECO "A43"]
[WhiteElo "2050"]
[BlackElo "2264"]
[Annotator "ChessBase"]
[PlyCount "38"]
[EventDate "2017.??.??"]
[EventType "swiss"]
[EventCountry "ESP"]
[SourceTitle "playchess.com"]
[Source "ChessBase"]
[SourceQuality "1"]
[TimeControl "5400+30"]

1. d4 c5 2. e3 Nf6 3. g4 h6 4. c3 d6 5. dxc5 Bxg4 6. f3 Bh5 7. cxd6 e6 8. Na3 a6 9. Qb3 b5 10. c4 Bxd6 11. cxb5 Nd5 12. Nc4 Bb4+ 13. Bd2 Qh4+ 14. Ke2 Bxd2 15. Nxd2 axb5 16. Qxb5+ Nd7 17. Nh3 Rb8 18. Qc4 Bxf3+ 19. Kxf3 Ne5+ 0-1

[Event "ESP-ch Seniors 2017"]
[Site "Altea"]
[Date "2017.10.12"]
[Round "6"]
[White "Coll Sola, Joan"]
[Black "Vinal Gutierrez, Pedro"]
[Result "1/2-1/2"]
[ECO "C07"]
[WhiteElo "2045"]
[BlackElo "2041"]
[Annotator "NA"]
[PlyCount "55"]
[EventDate "2017.??.??"]
[EventType "swiss"]
[EventCountry "ESP"]
[SourceTitle "playchess.com"]
[Source "ChessBase"]
[SourceQuality "1"]
[TimeControl "5400+30"]

1. e4 e6 2. d4 d5 3. Nd2 c5 4. exd5 Qxd5 5. Ngf3 cxd4 6. Bc4 Qd7 {[%emt 0:00:26] C07: French Tarrasch: 3...c5, 4 Ngf3 and 4 exd5 Qxd5} (6... Qd6 7. O-O Nf6 8. Nb3 Nc6 9. Nbxd4 Nxd4 10. Nxd4 a6 11. Re1 Qc7 12. Bf1 Bd6 13. Nf5 Bxh2+ 14. Kh1 Kf8 15. Qd4 exf5 16. Qxf6 h6 17. Qd4 Bd6 18. Bd2 Be6 19. Bc3 Rh7 {0-1 (48) Karjakin,S (2781)-Caruana,F (2808) Paris 2017}) 7. O-O Nc6 8. Nb3 Nf6 9. Nbxd4 Nxd4 10. Nxd4 a6 11. Bf4 Bc5 12. Nb3 Be7 $146 ({Predecessor:} 12... Qxd1 13. Raxd1 Bb6 14. Be2 Bd7 15. c4 Rc8 16. Be5 Bc6 17. Nd4 Be4 18. b4 Ke7 19. Rd2 Nd7 20. Bg3 e5 21. c5 {½-½ (57) Annaberdiev,M (2445)-Stankovic,M (2420) Novi Sad 2016}) 13. Re1 b5 14. Be2 Qxd1 15. Raxd1 Bb7 16. c4 bxc4 17. Bxc4 O-O 18. Na5 Be4 19. Bg5 Bc2 20. Rc1 Bb4 21. Re2 Ba4 22. Nb3 Rfd8 23. h3 h6 24. Be3 Nd5 25. Bc5 Bxc5 (25... Bxb3 $5 26. Bxd5 Bxd5 27. Bxb4 Bxa2 $17) 26. Nxc5 Bb5 27. Bxb5 axb5 $11 28. a3 1/2-1/2

[Event "ESP-ch Seniors 2017"]
[Site "Altea"]
[Date "2017.10.12"]
[Round "6"]
[White "Fernandez Vicente, Carmelo"]
[Black "Estrada Martinez, Cesar"]
[Result "1-0"]
[ECO "A15"]
[WhiteElo "2044"]
[BlackElo "2045"]
[Annotator "NA"]
[PlyCount "91"]
[EventDate "2017.??.??"]
[EventType "swiss"]
[EventCountry "ESP"]
[SourceTitle "playchess.com"]
[Source "ChessBase"]
[SourceQuality "1"]
[TimeControl "5400+30"]

1. c4 Nf6 2. g3 e6 3. Nf3 d5 4. b3 Be7 5. Bg2 O-O 6. O-O Nbd7 7. Bb2 c6 8. d4 Ne4 9. Nfd2 Nxd2 10. Nxd2 Nf6 11. e4 {[%emt 0:01:56] E07: Closed Catalan: Main Line (5 Nf3 0-0 6 0-0 Nbd7)} (11. Qc2 Bd7 12. Bf3 Rc8 13. c5 b6 14. b4 a5 15. a3 axb4 16. axb4 bxc5 17. bxc5 Ra8 18. Bc3 Qc7 19. Ra4 Rxa4 20. Qxa4 {½-½ (54) Cunha,A (1990)-Cohen Farias,P (2261) Belem 2015}) 11... dxe4 12. Nxe4 Nxe4 13. Bxe4 Bf6 14. Qd3 $146 ({Predecessor:} 14. Qe2 g6 15. Rfd1 Qe7 16. Re1 Qc7 17. d5 Bxb2 18. Qxb2 c5 {½-½ (29) Pick,S (2149)-Plasil,J (2088) Czechia 2008}) 14... g6 15. Rad1 c5 16. Rd2 cxd4 17. Bxd4 Bxd4 18. Qxd4 Qxd4 19. Rxd4 e5 20. Rd5 f5 21. Bg2 e4 22. f3 exf3 23. Bxf3 Rb8 24. Re1 b6 25. Re7 Rb7 26. Rde5 Rxe7 27. Rxe7 a5 28. Bd5+ Kh8 29. a3 f4 30. gxf4 Bh3 31. Rf7 Rxf7 32. Bxf7 Kg7 33. Bd5 Kf6 34. Kf2 Bf5 35. Ke3 Bc2 36. b4 Bb3 37. Kd4 axb4 38. axb4 Kf5 39. c5 bxc5+ 40. Kxc5 Ba4 41. Bc6 (41. b5 Bxb5 42. Kxb5 Kxf4 $16) 41... Bb3 42. b5 Be6 43. Kd6 Bc4 44. b6 Ba6 45. Bb5 ({Not} 45. b7 Bxb7 46. Bxb7 Kxf4 $16) 45... Bb7 46. Kc7 1-0